 Dungeon Crawl Stone Soup version 0.20.1-1-g8b1a95d (webtiles) character file.

19283 HammerPanzer the Bludgeoner (level 12, -11/112 HPs)
             Began as a Minotaur Berserker on Oct 24, 2017.
             Was a High Priest of Trog.
             Mangled by a stone giant (23 damage)
             ... on level 1 of the Orcish Mines.
             The game lasted 01:09:03 (13207 turns).

HammerPanzer the Bludgeoner (Minotaur Berserker)   Turns: 13207, Time: 01:09:04

Health: -11/112    AC: 20    Str: 26    XL:     12   Next: 35%
Magic:  11/11      EV:  9    Int:  4    God:    Trog [*****.]
Gold:   1635       SH:  0    Dex: 11    Spells: 11/11 levels left

rFire    . . .     SeeInvis .   G - +4 flail
rCold    + . .     Gourm    .   (no shield)
rNeg     . . .     Faith    .   g - +2 chain mail {rC+}
rPois    +         Spirit   .   (helmet restricted)
rElec    .         Reflect  .   q - +1 cloak
rCorr    .         Harm     .   K - +2 pair of gloves {archery}
MR       +....                  (no boots)
Stlth    ..........             (no amulet)
Regen    0.3/turn               b - ring of protection from magic
MPRegen  0.2/turn               m - ring of poison resistance

@: no status effects
A: retaliatory headbutt, horns 2
a: Berserk, Trog's Hand, Brothers in Arms, Burn Spellbooks, Renounce Religion


You were on level 1 of the Orcish Mines.
You worshipped Trog.
Trog was extremely pleased with you.
You were not hungry.

You visited 2 branches of the dungeon, and saw 13 of its levels.

You collected 1635 gold pieces.

Inventory:

Hand Weapons
 p - a +1 dire flail of crushing
 s - a +2 mace of freezing
 v - the +9 great mace of Satyriasis {freeze, MR++ Int+4, unknown}
   (Trog gifted it to you on level 2 of the Orcish Mines)

   It has been specially enchanted to freeze those struck by it, causing extra
   injury to most foes and up to half again as much damage against particularly
   susceptible opponents.
   It can also slow down cold-blooded creatures.
   It affects your intelligence (+4).
   It affects your resistance to hostile enchantments.
 G - a +4 flail (weapon)
 R - a +0 dire flail
 S - a +2 arbalest of flaming
Missiles
 y - 36 tomahawks (quivered)
 F - 5 javelins of returning
Armour
 g - a +2 chain mail of cold resistance (worn)
 q - a +1 cloak (worn)
 K - a +2 pair of gloves of archery (worn)
Jewellery
 b - a ring of protection from magic (left hand)
 m - a ring of poison resistance (right hand)
 u - an uncursed ring of see invisible
 w - an uncursed ring of protection from cold {unknown}
 x - an uncursed ring of resist corrosion
 P - a +1 ring of protection {unknown}
Wands
 e - a wand of enslavement (18/24)
Scrolls
 h - 3 scrolls of recharging
 r - a scroll of fear
 D - 2 scrolls of identify
 M - a scroll of enchant weapon
Potions
 j - a potion of mutation
 k - a potion of magic
 l - 2 potions of invisibility
 o - 3 potions of flight
 B - 4 potions of curing
 E - a potion of cancellation {unknown}
 L - a potion of resistance {unknown}
Comestibles
 a - 9 chunks of flesh
 c - 5 bread rations
 f - 7 fruits
 i - 6 meat rations
 z - 8 royal jellies


   Skills:
 + Level 11.9 Fighting
 + Level 17.4 Maces & Flails
 + Level 11.5 Armour
 - Level 2.2 Dodging


You had 11 spell levels left.
You didn't know any spells.

Dungeon Overview and Level Annotations

Branches:
Dungeon (11/15)            Temple (0/1) D:6            Lair (0/6) D:8
    Orc (2/2) D:11            Elf (0/3) Orc:2

Altars:
Dithmenos
Fedhas
Beogh

Annotations:
Orc:2 Saint Roka


Innate Abilities, Weirdness & Mutations

You reflexively headbutt those who attack you in melee.
You have a pair of horns on your head.


Message History

The stone giant hits you but does no damage.
You thump the stone giant! You headbutt the stone giant!
The stone giant is moderately wounded.
You sock the stone giant!
The stone giant is moderately wounded.
The stone giant hits you!!
* * * LOW HITPOINT WARNING * * *
You sock the stone giant! You headbutt the stone giant.
The stone giant is heavily wounded.
The stone giant hits you but does no damage.
You completely miss the stone giant.
The stone giant is heavily wounded.
You hit the stone giant but do no damage.
You headbutt the stone giant!
The stone giant is heavily wounded.
The stone giant hits you but does no damage.
You bludgeon the stone giant!! You headbutt the stone giant!
The stone giant is almost dead.
The stone giant hits you!!
You die...

#....#......#
#.....#### #####
##.###....###
###))...## ##.##. ###
##...#
#.#.)....###.....
###.#
####.........##.....
###
##.#.....[)...##.....
##.......##[........#.
#........##.........##
#...>...###.........##
#....@...#..........#.
###...C.......#.#.....
#..............#....
###................. #
####....#......... ##
###......_...... .#
#.#.>...))...... .###
##.#.#.........# ...#
#########))...#


You could see a stone giant.

Vanquished Creatures
  2 two-headed ogres
  The ghost of Ymberto the Thaumaturge, a journeyman DEFE of Sif Muna (D:11)
  An orc high priest (Orc:2)
  2 ugly things (D:11)
  2 orc knights (Orc:2)
  An orc sorcerer (Orc:1)
  Maurice (D:11)
  A gargoyle (D:11)
  A troll (Orc:2)
  5 hippogriffs
  A hornet (D:7)
  A vampire (D:11)
  A wraith (D:10)
  2 wyverns
  15 yaks
  A steam dragon (D:9)
  7 wargs
  Edmund (D:4)
  A water moccasin (D:10)
  4 ice beasts
  23 orc warriors
  An eye of draining (D:11)
  2 sky beasts
  A phantom (D:6)
  A necrophage (D:7)
  9 ogres
  5 centaurs
  A big kobold (D:9)
  7 bullfrogs
  A wyvern zombie (D:8)
  A water moccasin zombie (D:6)
  4 scorpions
  A wyvern skeleton (D:7)
  5 killer bees (D:9)
  5 howler monkeys
  12 wights
  6 crimson imps
  2 centaur zombies
  2 quasits
  A bullfrog zombie (D:5)
  3 bullfrog skeletons
  A centaur skeleton (D:8)
  3 hounds
  8 jellies
  27 orc wizards
  21 orc priests
  3 iguanas
  5 worker ants
  11 adders
  A shadow imp (D:5)
  An adder zombie (D:8)
  7 oozes
  3 adder skeletons
  4 worms
  6 leopard geckos
  80 orcs
  3 ball pythons
  7 giant cockroaches
  8 goblins
  3 hobgoblins
  17 jackals
  A quokka (D:6)
  6 bats
  7 frilled lizards
  A jackal skeleton (D:5)
  8 kobolds
  A leopard gecko skeleton (D:4)
  9 rats
396 creatures vanquished.

Vanquished Creatures (others)
  An orc wizard (D:8)
  A jackal (D:2)
  A kobold (D:2)
3 creatures vanquished.

Grand Total: 399 creatures vanquished

Notes
Turn   | Place    | Note
-------+----------+-------------------------------------------
     0 | D:1      | HammerPanzer the Minotaur Berserker began the quest for the Orb.
     0 | D:1      | Reached XP level 1. HP: 19/19 MP: 0/0
   500 | D:1      | Reached XP level 2. HP: 23/27 MP: 1/1
   502 | D:1      | Reached skill level 4 in Maces & Flails
   817 | D:1      | Reached ** piety under Trog
   823 | D:1      | Reached XP level 3. HP: 30/33 MP: 2/2
   927 | D:2      | Reached skill level 5 in Maces & Flails
  1293 | D:2      | Reached XP level 4. HP: 40/40 MP: 3/3
  1872 | D:3      | Reached skill level 6 in Maces & Flails
  2379 | D:4      | Noticed Edmund
  2386 | D:4      | Killed Edmund
  2386 | D:4      | Reached skill level 7 in Maces & Flails
  2386 | D:4      | Reached XP level 5. HP: 46/46 MP: 4/4
  2601 | D:4      | Found a blossoming altar of Fedhas.
  2613 | D:5      | Entered Level 5 of the Dungeon
  2671 | D:4      | Reached XP level 6. HP: 52/52 MP: 5/5
  2697 | D:4      | Reached skill level 8 in Maces & Flails
  2783 | D:4      | Reached *** piety under Trog
  3188 | D:5      | Reached skill level 9 in Maces & Flails
  3386 | D:5      | Noticed an ice beast
  3398 | D:5      | Killed an ice beast
  3398 | D:5      | Reached XP level 7. HP: 58/58 MP: 6/6
  3524 | D:5      | Reached skill level 10 in Maces & Flails
  3829 | D:6      | Reached skill level 11 in Maces & Flails
  3971 | D:6      | Reached XP level 8. HP: 52/66 MP: 7/7
  4020 | D:6      | Found a staircase to the Ecumenical Temple.
  4238 | D:6      | Reached skill level 12 in Maces & Flails
  4256 | D:6      | Reached **** piety under Trog
  4765 | D:6      | Reached skill level 13 in Maces & Flails
  4787 | D:7      | Reached XP level 9. HP: 49/71 MP: 8/8
  4801 | D:7      | Reached skill level 14 in Maces & Flails
  5584 | D:7      | Reached skill level 5 in Fighting
  5767 | D:7      | Received a gift from Trog
  5892 | D:7      | Reached skill level 5 in Armour
  6069 | D:8      | Reached skill level 15 in Maces & Flails
  6098 | D:8      | Reached XP level 10. HP: 50/84 MP: 9/9
  6373 | D:8      | Found a staircase to the Lair.
  6603 | D:8      | Reached ***** piety under Trog
  7046 | D:8      | Noticed a two-headed ogre
  7057 | D:8      | Killed a two-headed ogre
  7141 | D:8      | Received a gift from Trog
  7487 | D:10     | Entered Level 10 of the Dungeon
  8126 | D:10     | Reached XP level 11. HP: 82/97 MP: 10/10
  8135 | D:10     | Reached skill level 16 in Maces & Flails
  8243 | D:10     | Found a shadowy altar of Dithmenos.
  8955 | D:11     | Noticed Ymberto's ghost (journeyman DEFE)
  8970 | D:11     | Killed Ymberto's ghost
  9162 | D:11     | Noticed a cyan ugly thing
  9180 | D:11     | Killed a cyan ugly thing
  9336 | D:11     | Noticed a purple ugly thing
  9353 | D:11     | Killed a purple ugly thing
  9353 | D:11     | Reached skill level 10 in Fighting
  9883 | D:11     | Received a gift from Trog
 10023 | D:11     | Found a staircase to the Orcish Mines.
 10078 | D:11     | Reached skill level 10 in Armour
 10514 | D:11     | Noticed Maurice
 10524 | D:11     | Killed Maurice
 10744 | Orc:1    | Entered Level 1 of the Orcish Mines
 10873 | Orc:1    | Found a roughly hewn altar of Beogh.
 10932 | Orc:1    | Noticed an orc sorcerer
 10939 | Orc:1    | Noticed a soul eater
 10947 | Orc:1    | Killed an orc sorcerer
 11175 | Orc:1    | Reached skill level 17 in Maces & Flails
 11400 | Orc:2    | Entered Level 2 of the Orcish Mines
 11404 | Orc:2    | Noticed a two-headed ogre
 11421 | Orc:2    | Noticed an orc knight
 11438 | Orc:2    | Killed an orc knight
 11438 | Orc:2    | Reached XP level 12. HP: 86/110 MP: 11/11
 11957 | Orc:2    | Killed a two-headed ogre
 11965 | Orc:2    | Noticed an orc high priest
 11972 | Orc:2    | Killed an orc high priest
 12062 | Orc:2    | Received a gift from Trog
 12068 | Orc:2    | Got an ivory great mace {god gift}
 12447 | Orc:2    | Noticed Saint Roka
 12997 | Orc:2    | Found a staircase to the Elven Halls.
 13198 | Orc:1    | Noticed a stone giant
 13207 | Orc:1    | Mangled by a stone giant

Skill      XL: |  1  2  3  4  5  6  7  8  9 10 11 12 |
---------------+-------------------------------------+-----
Maces & Flails | 4 5 7 9 11 13 15 17 | 17.4
Fighting       | 6 9 11 | 11.9
Armour         | 5 8 10 11 | 11.5
Dodging        | |  2.2

Action                   |  1- 3 |  4- 6 |  7- 9 | 10-12 || total
-------------------------+-------+-------+-------+-------++-------
Melee: Mace              |   108 |    74 |       |       ||   182
       Headbutt          |    12 |    15 |    50 |   153 ||   230
       Dire flail        |       |    21 |   256 |   184 ||   461
       Flail             |       |       |       |   525 ||   525
Invok: Berserk           |       |     2 |     2 |    10 ||    14
  Use: Scroll            |     8 |     9 |     2 |    14 ||    33
       Potion            |       |       |     1 |     4 ||     5
 Stab: Sleeping          |     1 |       |       |       ||     1
  Eat: Chunk             |     1 |     7 |     9 |    23 ||    40
       Royal jelly       |       |     1 |       |     3 ||     4
       Meat ration       |       |       |       |     1 ||     1
Armor: Chain mail        |    79 |    39 |   102 |    96 ||   316
       Animal skin       |     1 |       |       |       ||     1
       Plate armour      |       |       |       |   250 ||   250
Dodge: Dodged            |    62 |    30 |    79 |   258 ||   429
Block: Buckler           |       |     6 |       |       ||     6
